 Dungeon Crawl Stone Soup version 0.13-a0-2477-geaae114 (webtiles) character file.

149 4tharraofdagon the Sneak (level 4, -1/21 HPs)
             Began as a Spriggan Enchanter on July 19, 2013.
             Was an Initiate of Ashenzari.
             Slain by an orc priest
             ... wielding a cursed -3,-2 orcish mace
              (7 damage)
             ... on Level 6 of the Dungeon.
             The game lasted 00:06:08 (1205 turns).

4tharraofdagon the Sneak (Spriggan Enchanter)       Turns: 1205, Time: 00:06:08

HP  -1/21        AC  3     Str  4      XL: 4   Next: 51%
MP   0/11        EV 21     Int 16      God: Ashenzari [......]
Gold 46          SH  0     Dex 17      Spells:  2 memorised,  2 levels left

Res.Fire  : . . .   See Invis. : +   a - +1 dagger {=f}
Res.Cold  : . . .   Warding    : .   b - +1 robe
Life Prot.: . . .   Conserve   : .   (shield restricted)
Res.Poison: +       Res.Corr.  : .   (helmet restricted)
Res.Elec. : .       Clarity    : .   (no cloak)
Sust.Abil.: . .     Spirit.Shd : .   (gloves unavailable)
Res.Mut.  : .       Stasis     : .   (boots unavailable)
Res.Rott. : .       Flight     : .   (no amulet)
Saprovore : . . .                    A - ring of poison resistance {unknown}
                                     x - +3 ring of evasion

@: very slightly contaminated, very quick, slightly resistant to hostile
enchantments, quite stealthy
A: unfitting armour, see invisible, herbivore 3, speed 3, slow metabolism 2
a: Renounce Religion


You were on level 6 of the Dungeon.
You worshipped Ashenzari.
Ashenzari was noncommittal.
You were not hungry.

You visited 2 branches of the dungeon, and saw 8 of its levels.

You collected 26 gold pieces.

Inventory:

Hand weapons
 a - a +1,+1 dagger (weapon) {=f}
 t - a +0 blowgun
Missiles
 d - 12 darts (quivered)
 q - 11 poisoned needles
Armour
 b - a +1 robe (worn)
 l - a +1 pair of boots of running
Magical devices
 p - a wand of enslavement (7) {unknown}
 y - a wand of digging (18) {unknown}
Comestibles
 g - 4 bread rations
 s - a choko
 z - an apple
 B - a pear
Scrolls
 f - 2 scrolls of remove curse
 h - 5 scrolls of identify {unknown}
 j - 2 scrolls of fear {unknown}
 k - a scroll of enchant weapon II {unknown}
 o - a scroll of curse armour
 r - 3 scrolls of magic mapping {unknown}
 v - a scroll of noise {unknown}
 w - a scroll of curse weapon
 C - a scroll of enchant weapon I {unknown}
Jewellery
 i - an uncursed ring of flight
 x - a +3 ring of evasion (left hand)
 A - a ring of poison resistance (right hand) {unknown}
Potions
 e - a potion of porridge
 m - a potion of curing
 n - a potion of restore abilities
 u - 2 potions of magic {unknown}
Books
 c - a book of Maledictions

   Spells                             Type                      Level
   *Corona                            Hexes                        1
   Sure Blade                         Hexes/Charms                 2
   *Ensorcelled Hibernation           Hexes/Ice                    2
   Confuse                            Hexes                        3
   Enslavement                        Hexes                        4
   Invisibility                       Hexes                        6


   Skills:
 * Level 3.6 Short Blades
 - Level 1.1 Throwing
 - Level 3.0 Dodging
 + Level 5.0 Stealth
 - Level 1.3 Spellcasting
 + Level 4.0 Hexes


You had 2 spell levels left.
You knew the following spells:

 Your Spells              Type           Power        Failure   Level  Hunger
a - Corona                Hex            ##.....      6%          1    ##.....
b - Ensorcelled Hibernat  Hex/Ice        #.....       17%         2    ###....


Dungeon Overview and Level Annotations

Branches:
Dungeon (7/27)             Temple (1/1) D:5
    Orc: D:6-11

Altars:
Ashenzari
Cheibriados
Elyvilon
Fedhas
Kikubaaqudgha
Nemelex Xobeh
Okawaru
Sif Muna
Vehumet
Xom
Yredelemnul
Zin

Annotations
D:2 Ijyb


Innate Abilities, Weirdness & Mutations

You are tiny and cannot use many weapons and most armour.
You have supernaturally acute eyesight.
You are a herbivore.
You cover ground extremely quickly.
You need consume almost no food.


Message History

Confirm with . or Enter, or press ? or * to list all spells.
Aiming: Ensorcelled Hibernation
Press: ? - help, Shift-Dir - straight line, f - orc priest
Aim: an orc priest, wielding an orcish mace The orc priest easily resists.
Casting: Ensorcelled Hibernation
Confirm with . or Enter, or press ? or * to list all spells.
Aiming: Ensorcelled Hibernation
Press: ? - help, Shift-Dir - straight line, f/p - orc priest
Aim: an orc priest, wielding an orcish mace The orc priest easily resists.
The orc priest's eyes start to glow.
Casting: Ensorcelled Hibernation
Confirm with . or Enter, or press ? or * to list all spells.
Aiming: Ensorcelled Hibernation
Press: ? - help, Shift-Dir - straight line, f/p - orc priest
Aim: an orc priest, wielding an orcish mace The orc priest resists with some effort.
The orc priest hits you with an orcish mace!
You die...

#########
#.......#
#...@..<#
#..o....#
#.......#
#.......#
#.......#
#.......#
#.......#
#.[.>...#
#.......#


You could see an orc priest.

Vanquished Creatures
  A worker ant (D:6)
  A gnoll (D:4)
  4 adders
  2 giant geckos
  An orc (D:5)
  2 ball pythons (D:2)
  3 giant cockroaches
  2 hobgoblins
  3 jackals (D:6)
  2 bats
  2 giant newts
  A goblin (D:6)
  A kobold (D:2)
  A quokka (D:5)
  3 rats
29 creatures vanquished.

Notes
Turn   | Place    | Note
--------------------------------------------------------------
     0 | D:1      | 4tharraofdagon, the Spriggan Enchanter, began the quest for the Orb.
     0 | D:1      | Reached XP level 1. HP: 9/9 MP: 4/4
   132 | D:2      | Noticed a sky beast
   160 | D:2      | Reached XP level 2. HP: 11/13 MP: 6/6
   168 | D:2      | Learned a level 2 spell: Ensorcelled Hibernation
   268 | D:2      | Noticed Ijyb
   324 | D:3      | Reached skill level 4 in Stealth
   367 | D:4      | Reached XP level 3. HP: 14/16 MP: 9/9
   689 | D:4      | Found a white marble altar of Elyvilon.
   689 | D:4      | Found a sparkling altar of Nemelex Xobeh.
   693 | D:4      | Found a basalt altar of Yredelemnul.
   693 | D:4      | Found a snail-covered altar of Cheibriados.
   694 | D:4      | Found a deep blue altar of Sif Muna.
   752 | D:5      | Entered Level 5 of the Dungeon
   838 | D:5      | Found a staircase to the Ecumenical Temple.
   843 | Temple   | Entered the Ecumenical Temple
   878 | Temple   | Became a worshipper of Ashenzari the Shackled
   974 | D:6      | Reached XP level 4. HP: 21/21 MP: 6/11
  1000 | D:6      | Reached skill level 5 in Stealth
  1084 | D:6      | Found a radiant altar of Vehumet.
  1200 | D:7      | Noticed an orc warrior
  1205 | D:6      | Slain by an orc priest

Action                   |  1- 3 |  4- 6 || total
-------------------------+-------+-------++-------
Melee: Dagger            |    59 |    31 ||    90
 Cast: Ensorcelled Hiber |     9 |    11 ||    20
       Corona            |     2 |       ||     2
  Use: Potion            |     4 |       ||     4
 Stab: Sleeping          |     9 |     7 ||    16
